 Dungeon Crawl Stone Soup version 0.29.1-12-g30fa7ad0bf (webtiles) character file.

Game seed: 6042632422992807075

60 Radix the Trooper (level 4, -8/35 HPs)
             Began as a Human Cinder Acolyte on Dec 28, 2022.
             Was an Elder of Ignis.
             Mangled by Crazy Yiuf
             ... wielding a +4 quarterstaff of chaos
              (10 damage)
             ... on level 2 of the Dungeon.
             The game lasted 00:06:13 (2618 turns).

Radix the Trooper (Human Cinder Acolyte)            Turns: 2618, Time: 00:06:14

Health: -8/35      AC: 10    Str: 14    XL:     4   Next: 24%
Magic:  6/6        EV: 11    Int: 17    God:    Ignis [****..]
Gold:   94         SH:  0    Dex:  8    Spells: 4/6 levels left

rFire   + . .      SeeInvis .   a - -1 hand axe (flame)
rCold   . . .      Faith    .   (no shield)
rNeg    . . .      Spirit   .   b - +0 robe
rPois   .          Reflect  .   (no helmet)
rElec   .          Harm     .   (no cloak)
rCorr   +          Rampage  .   h - +0 pair of gloves
Will    .....                   (no boots)
Stlth   +.........              (no amulet)
HPRegen 0.11/turn               d - ring of resist corrosion
MPRegen 0.10/turn               (no ring)

@: fiery-armoured
A: no striking features
a: Renounce Religion, Fiery Armour, Foxfire Swarm, Rising Flame


You were on level 2 of the Dungeon.
You worshipped Ignis.
Ignis was greatly pleased with you.
You visited 1 branch of the dungeon, and saw 2 of its levels.

You collected 94 gold pieces.

Inventory:

Hand Weapons
 a - a -1 hand axe of flaming (weapon)
Armour
 b - a +0 robe (worn)
 h - a +0 pair of gloves (worn)
Jewellery
 d - a ring of resist corrosion (left hand)
Scrolls
 c - 4 scrolls of identify {unknown}
 i - a scroll of amnesia {unknown}
 k - a scroll of fog {unknown}
 l - a scroll of teleportation {unknown}
Potions
 e - 2 potions of curing {unknown}
 f - a potion of invisibility
 g - a potion of flight {unknown}
 j - 2 potions of attraction {unknown}


   Skills:
 + Level 3.5 Fighting
 + Level 3.5 Axes
 + Level 1.8 Spellcasting
 + Level 3.5 Fire Magic


You had 4 spell levels left.
You knew the following spells:

 Your Spells              Type           Power      Damage    Failure   Level
a - Scorch                Fire           26%        2d6       7%          2

Your spell library contained the following spells:

 Spells                   Type           Power      Damage    Failure   Level
 Blink                    Tloc           2%         N/A       30%         2
 Lesser Beckoning         Tloc           1%         N/A       52%         3
 Ozocubu's Armour         Ice            1%         N/A       52%         3
 Alistair's Intoxication  Tmut/Pois      0%         N/A       99%         5
 Borgnjor's Vile Clutch   Necr/Erth      0%         N/A       99%         5
 Manifold Assault         Tloc           1%         N/A       99%         5
 Eringya's Noxious Bog    Tmut/Pois      0%         N/A       100%        6
 Ozocubu's Refrigeration  Ice            0%         4d7       100%        7


Dungeon Overview and Level Annotations

Branches:
Dungeon (2/15)

Altars:
Wu Jian

Annotations:
D:2 Crazy Yiuf


Message History

You see here a +0 club.
You open the door. You open the door.
There is an open door here.
There is an open door here.
There is an open door here.
Partly explored, can't reach some places.
You hit the fungus but do no damage. You hit the fungus.
The fungus begins to die.
You burn the fungus. You hit the fungus.
The fungus begins to die.
You burn the fungus.
The fungus is lightly damaged.
You hit the fungus.
The fungus begins to die.
You burn the fungus. You completely miss the fungus.
A nearby fungus withers and dies.
You hit the fungus but do no damage.
The fungus is lightly damaged.
You hit the fungus. You burn the fungus.
A nearby fungus withers and dies.
You hit the fungus.
The fungus begins to die.
You burn the fungus.
The fungus is lightly damaged.
A nearby fungus withers and dies.
You hit the fungus.
The fungus begins to die.
You burn the fungus.
The fungus is lightly damaged.
You hit the fungus. You burn the fungus.
A nearby fungus withers and dies.
Found a hammer.
Found a runed translucent door.
A nearby fungus withers and dies.
Crazy Yiuf shouts!
You open the door.
A protective cloak of flame settles atop you.
Crazy Yiuf drinks a potion.
Crazy Yiuf flickers and vanishes!
Deactivating autopickup; reactivate with Ctrl-A.
Casting: Scorch (safe; 7% risk of failure)
Confirm with . or Enter, or press ? or * to list all spells.
You can't see any susceptible monsters within range! (Use Z to cast anyway.)
You closely miss something. Something completely misses you.
Something hits you!
You hit something. You burn something. Something hits you.
You are electrocuted!
* * * LOW HITPOINT WARNING * * *
You closely miss something. Something hits you!
You die...

......## #.#
#.##.###
...#.## ###
##.##<# #
..##.#
#..##.###
####.# #####
#.###....
##+## #..)#
#.# #.###
##...##
#...# #.#
#....
##.....##
...
#.#######
#.......##
#{# #)##.##
.........###
♣♣@♣
####.#...###
....)....'.#
♣.♣♣
#...........
.........###
♣♣.♣
#........###
#.......##
♣.♣♣
#........#
##.....##
♣♣.♣♣
#.##.#.#.#
###...##
♣.♣.♣♣
#.##.#.#.#
.###'##
♣....♣
#.##.#.#.#
#.##.#
#....#
#.##.#.#.#
##.#.#
#....#
##........#


There were no monsters in sight!

Vanquished Creatures
  2 adders (D:2)
  2 worms (D:2)
  A dart slug (D:1)
  2 endoplasms
  4 giant cockroaches
  3 goblins
  3 hobgoblins
  2 jackals (D:2)
  A ball python (D:1)
  5 bats
  3 frilled lizards
  6 kobolds
  3 rats (D:2)
37 creatures vanquished.

Vanquished Creatures (others)
  6 fungi
6 creatures vanquished.

Grand Total: 43 creatures vanquished

Notes
Turn   | Place    | Note
-------+----------+-------------------------------------------
     0 | D:1      | Radix the Human Cinder Acolyte began the quest for the Orb.
     0 | D:1      | Reached XP level 1. HP: 18/18 MP: 2/2
   220 | D:1      | Found a faded altar of an unknown god.
   501 | D:1      | Reached XP level 2. HP: 24/24 MP: 3/3
  1232 | D:2      | Learned a level 2 spell: Scorch
  1304 | D:2      | Found an ornate altar of the Wu Jian Council.
  1310 | D:2      | Reached XP level 3. HP: 27/29 MP: 5/5
  2261 | D:2      | Reached XP level 4. HP: 26/35 MP: 3/6
  2610 | D:2      | Found a runed translucent door.
  2611 | D:2      | Noticed Crazy Yiuf
  2618 | D:2      | Mangled by Crazy Yiuf

Illustrated notes

Levels and vault maps discovered:
D:1:      elethiomel_arrival_shortcut, layout_loops_corners,
          dreamdust_ecumenical_altar_hidden_monk_grotto
D:2:      layout_loops_corners, basic_altar, uniq_crazy_yiuf_cottage

Action                   |  1- 3 |  4- 6 || total
-------------------------+-------+-------++-------
Melee: Hand axe          |   135 |    22 ||   157
       Punch             |     1 |       ||     1
 Cast: Scorch            |     6 |     1 ||     7
Invok: Fiery Armour      |     2 |     1 ||     3
Armor: Robe              |    37 |     5 ||    42
Dodge: Dodged            |   115 |    12 ||   127
